 Dungeon Crawl Stone Soup version 0.21-a0-163-g3aa3f5d (webtiles) character file.

5571 TinyKoala the Basher (level 10, -13/88 HPs)
             Began as a Deep Dwarf Fighter on Aug 4, 2017.
             Was a Believer of Makhleb.
             Mangled by a cyclops (29 damage)
             ... on level 1 of the Orcish Mines.
             The game lasted 00:22:59 (6742 turns).

TinyKoala the Basher (Deep Dwarf Fighter)           Turns: 6742, Time: 00:23:00

Health: -13/88     AC: 11    Str: 22    XL:     10   Next: 44%
Magic:  11/11      EV:  5    Int: 10    God:    Makhleb [**....]
Gold:   338        SH: 12    Dex: 12    Spells: 9/9 levels left

rFire    . . .     SeeInvis .   n - +2 flail (crush)
rCold    + . .     Gourm    .   c - +0 shield
rNeg     . . .     Faith    .   m - +0 plate armour
rPois    .         Spirit   .   (no helmet)
rElec    .         Reflect  .   (no cloak)
rCorr    .         Harm     .   (no gloves)
MR       +....                  (no boots)
Stlth    ..........             (no amulet)
HPRegen  0.00/turn              u - -3 ring of slaying
MPRegen  0.12/turn              M - ring of protection from cold

@: non-regenerating
A: damage resistance, heal wounds, sense surroundings 2, no regeneration
a: Heal Wounds, Minor Destruction, Renounce Religion


You were on level 1 of the Orcish Mines.
You worshipped Makhleb.
Makhleb was pleased with you.
You were not hungry.

You visited 3 branches of the dungeon, and saw 12 of its levels.

You collected 567 gold pieces.
You spent 229 gold pieces at shops.

Inventory:

Hand Weapons
 n - a +2 flail of crushing (weapon)
 H - a +2 whip of venom
Missiles
 y - 2 poisoned javelins (quivered)
 L - a throwing net
Armour
 b - a +0 scale mail
 c - a +0 shield (worn)
 m - a +0 plate armour (worn)
Jewellery
 r - an uncursed ring of fire
 u - a -3 ring of slaying (left hand)
 M - a ring of protection from cold (right hand)
Wands
 a - a wand of paralysis (1/24)
 q - a wand of acid (9/15)
 F - a wand of iceblast (7/15)
 O - a wand of scattershot (5/9)
Scrolls
 e - 3 scrolls of fog {unknown}
 i - a scroll of immolation {unknown}
 k - 3 scrolls of remove curse
 l - 3 scrolls of enchant armour {unknown}
 p - 4 scrolls of fear {unknown}
 t - 5 scrolls of teleportation
 z - a scroll of noise {unknown}
 A - 3 scrolls of blinking {unknown}
 E - 3 scrolls of enchant weapon {unknown}
 G - a scroll of amnesia {unknown}
 I - a scroll of holy word {unknown}
 N - 2 scrolls of magic mapping {unknown}
 P - a scroll of acquirement {unknown}
 Q - a scroll of identify
 R - a scroll of summoning {unknown}
Potions
 d - 2 potions of might
 g - a potion of cancellation
 h - 3 potions of curing
 j - 2 potions of brilliance
 o - a potion of magic
 s - 3 potions of heal wounds
 x - 2 potions of haste
 D - a potion of mutation
 K - 2 potions of flight
Books
 J - a book of Battle

   Spells                             Type                      Level
   a - Infusion                       Charms                       1
   b - Shroud of Golubria             Charms/Translocation         2
   c - Song of Slaying                Charms                       2
   d - Spectral Weapon                Hexes/Charms                 3
   e - Regeneration                   Charms/Necromancy            3
Miscellaneous
 v - a sack of spiders
Comestibles
 f - 8 bread rations
 w - 9 fruits
 B - a royal jelly
 C - 6 meat rations
 S - 5 chunks of flesh


   Skills:
 - Level 5.0 Fighting
 * Level 11.7 Maces & Flails
 - Level 4.0 Armour
 + Level 10.0 Shields
 + Level 3.1 Evocations


You had 9 spell levels left.
You didn't know any spells.

Dungeon Overview and Level Annotations

Branches:
Dungeon (10/15)            Temple (1/1) D:7            Lair (0/6) D:8
    Orc (1/2) D:10

Altars:
Cheibriados
Elyvilon
Fedhas
Makhleb
Nemelex Xobeh
Qazlal
Sif Muna
Trog
Uskayaw
Vehumet
Wu Jian
Xom
Yredelemnul
Zin
The Shining One

Shops:
D:5 *}   D:9 (


Innate Abilities, Weirdness & Mutations

You are resistant to damage.
You can heal yourself by infusing magical energy.
You passively map the area around you.
You do not regenerate.


Message History

The cyclops shouts!
The cyclops throws a large rock.
The large rock hits you!!
* * * LOW HITPOINT WARNING * * *
You see here a large rock.
An orc wizard comes into view. It is wielding a dagger.
The orc wizard shouts!
The orc wizard points at you and mumbles some strange words.
The puff of flame hits you!
* * * LOW HITPOINT WARNING * * *
An orc priest comes into view. It is wielding a dagger.
The orc priest shouts!
The orc wizard points at you and mumbles some strange words.
You block the puff of flame.
The orc wizard casts a spell.
The orc wizard flickers and vanishes!
Deactivating autopickup; reactivate with Ctrl-A.
You completely miss the orc priest.
The orc priest calls down the wrath of Beogh upon you.
You resist with some effort. The cyclops hits you!!
You die...

, ....##....#....### ** ,
...#......#......# ** ,
##....#.....#..##
#.....#...).#...# ,
#..............##### , .##
##.............##..# * ,
#...###...#.#....##.#..###
*
#.....##C#####...##......#
,#.......#@# ##.#.......##
..##....o## ##.....#.... ,
, , .o......## ##.#C......
*, #......## #...##(...###
, #.#...#* #.... #.....# #
#..# #......##.### , #.#
**....#..# ### * * ##
....##.., * #.#....,,,


You could see a cyclops and an orc priest.

Vanquished Creatures
  A two-headed ogre (D:8)
  2 hippogriffs
  A yak (D:10)
  Eustachio (D:4)
  A steam dragon (D:9)
  A warg (Orc:1)
  A hungry ghost (D:8)
  A water moccasin (D:9)
  A sky beast (D:7)
  A phantom (D:8)
  2 black bears
  3 necrophages (D:7)
  5 ogres
  5 centaurs
  A big kobold (D:10)
  A gnoll sergeant (D:5)
  4 bullfrogs
  A wyvern skeleton (D:6)
  A scorpion (D:4)
  A water moccasin skeleton (D:7)
  3 wights (D:10)
  4 howler monkeys
  2 bullfrog zombies (D:4)
  3 centaur zombies
  2 hounds
  2 jellies
  8 orc wizards
  6 orc priests
  A centaur skeleton (D:10)
  A gnoll shaman (D:5)
  2 iguanas
  5 worker ants
  A hound zombie (D:7)
  12 gnolls
  7 adders
  A shadow imp (D:7)
  An ooze (D:6)
  2 adder zombies
  An adder skeleton (D:9)
  2 worms (D:5)
  4 dart slugs
  8 leopard geckos
  28 orcs
  4 bats
  2 giant cockroaches
  4 goblins
  2 hobgoblins
  9 jackals
  6 kobolds
  4 quokkas
  3 ball pythons
  A goblin zombie (D:7)
  4 hobgoblin zombies (D:7)
  A jackal skeleton (D:6)
  A jackal zombie (D:7)
  2 kobold skeletons (D:7)
  An orc skeleton (D:7)
  An orc zombie (D:7)
  A quokka skeleton (D:4)
  5 rats
192 creatures vanquished.

Vanquished Creatures (others)
  A bush (D:7)
  8 plants (D:7)
9 creatures vanquished.

Grand Total: 201 creatures vanquished

Notes
Turn   | Place    | Note
-------+----------+-------------------------------------------
     0 | D:1      | TinyKoala the Deep Dwarf Fighter began the quest for the Orb.
     0 | D:1      | Reached XP level 1. HP: 20/20 MP: 1/1
    94 | D:1      | Reached XP level 2. HP: 25/27 MP: 2/2
   258 | D:2      | Reached XP level 3. HP: 23/34 MP: 3/3
   297 | D:2      | Noticed a moth of wrath
   300 | D:2      | Found a bloodstained altar of Trog.
   358 | D:2      | Found a sparkling altar of Nemelex Xobeh.
   419 | D:3      | Found a white marble altar of Elyvilon.
   645 | D:3      | Reached skill level 3 in Maces & Flails
   713 | D:4      | Noticed Eustachio
   724 | D:4      | Killed Eustachio
   724 | D:4      | Reached XP level 4. HP: 20/44 MP: 4/4
   724 | D:4      | Reached XP level 5. HP: 23/50 MP: 5/5
  1164 | D:4      | You fall through a shaft for 3 floors!
  1172 | D:7      | Noticed a hippogriff
  1192 | D:7      | Killed a hippogriff
  1192 | D:7      | Reached skill level 4 in Maces & Flails
  1192 | D:7      | Reached skill level 5 in Shields
  1192 | D:7      | Reached XP level 6. HP: 10/57 MP: 6/6
  1253 | D:7      | Found a glowing golden altar of the Shining One.
  1314 | D:7      | Reached XP level 7. HP: 30/66 MP: 7/7
  1515 | D:5      | Entered Level 5 of the Dungeon
  1621 | D:4      | Reached skill level 5 in Maces & Flails
  1726 | D:4      | HP: 2/66 [orc priest/nerve-wracking pain (10)]
  1847 | D:4      | Reached skill level 5 in Fighting
  1991 | D:4      | Found a shimmering altar of Xom.
  2138 | D:5      | Reached skill level 6 in Maces & Flails
  2148 | D:5      | Found Rirphume's Assorted Antiques.
  2178 | D:5      | Bought a glowing red potion for 26 gold pieces
  2178 | D:5      | Bought a scroll labeled CEUNOPT IMNO for 29 gold pieces
  2178 | D:5      | Bought a scroll labeled QARIUCUMUA for 29 gold pieces
  2178 | D:5      | Bought a sharpened fluorescent wand for 116 gold pieces
  2178 | D:5      | Bought a scroll labeled LEIP YNAHO for 29 gold pieces
  2210 | D:5      | Reached XP level 8. HP: 20/74 MP: 7/7
  2418 | D:5      | HP: 1/74 [iguana (9)]
  2589 | D:5      | Reached skill level 7 in Maces & Flails
  2874 | D:5      | Found Coolaj's Quality Used Wands.
  3197 | D:6      | Found a stormy altar of Qazlal.
  3269 | D:6      | Reached skill level 8 in Maces & Flails
  3395 | D:6      | Found a basalt altar of Yredelemnul.
  3674 | D:7      | Found a hide-covered altar of Uskayaw.
  3726 | D:7      | Found a staircase to the Ecumenical Temple.
  3739 | Temple   | Entered the Ecumenical Temple
  3796 | Temple   | Became a worshipper of Makhleb the Destroyer
  3886 | D:7      | Found a deep blue altar of Sif Muna.
  3886 | D:7      | Found a snail-covered altar of Cheibriados.
  4042 | D:7      | Gained mutation: You passively map the area around you. [Deep Dwarf growth]
  4042 | D:7      | Reached XP level 9. HP: 28/81 MP: 8/8
  4365 | D:7      | Found a blossoming altar of Fedhas.
  4543 | D:7      | Reached skill level 9 in Maces & Flails
  4763 | D:8      | Noticed a two-headed ogre
  4776 | D:8      | Killed a two-headed ogre
  4776 | D:8      | Reached skill level 10 in Maces & Flails
  4811 | D:8      | Reached * piety under Makhleb
  4944 | D:8      | Reached XP level 10. HP: 23/88 MP: 9/9
  5083 | D:8      | Reached skill level 11 in Maces & Flails
  5116 | D:8      | Found a sparkling altar of Nemelex Xobeh.
  5283 | D:8      | Found a staircase to the Lair.
  5580 | D:9      | Found Gealuff's Weapon Emporium.
  5674 | D:9      | Reached skill level 1 in Evocations
  5730 | D:9      | Found a radiant altar of Vehumet.
  5868 | D:10     | Entered Level 10 of the Dungeon
  6154 | D:10     | Reached ** piety under Makhleb
  6528 | D:10     | Found a staircase to the Orcish Mines.
  6534 | Orc:1    | Entered Level 1 of the Orcish Mines
  6628 | Orc:1    | Reached skill level 10 in Shields
  6716 | Orc:1    | Noticed a cyclops
  6742 | Orc:1    | Mangled by a cyclops

Vault maps used:
D:1:      tarquinn_simple_flora_water_a
D:2:      tgw_trog, nemelex_xobeh_ov_fountains_minmay,
          lemuel_coloured_pillars_altar, lemuel_round_altar
D:3:      overflow_temple_1_default, first_bread
D:4:      kennysheep_cluttered_room, xom_teletrap_fun, uniq_eustachio
D:5:      serial_shops, shop, nicolae_for_you_no_charge
D:6:      nicolae_qazlal_eye_of_the_storm, yredelemnul_altar_generic
D:7:      nicolae_tso_besieged_by_evil, fedhas_altar_decomposition,
          lemuel_crystal_altar, gammafunk_temple_overflow_elements, temple_hall,
          grunt_ogre_cave
D:8:      lair_entry_dummy, minmay_misc_feat_four_crosses,
          nemelex_lonely_heart_becter
D:9:      lemuel_round_altar, serial_shops, shop_fountains
D:10:     orc_0_dummy
Temple:   nicolae_temple_figure_zero
Orc:1:    basic_altar

Skill      XL: |  1  2  3  4  5  6  7  8  9 10 |
---------------+-------------------------------+-----
Fighting       | 3 4 5 |  5.0
Maces & Flails | 3 4 6 8 10 11 | 11.7
Armour         | 4 |  4.0
Shields        | 4 5 6 7 9 10 | 10.0
Evocations     | 3 |  3.1

Action                   |  1- 3 |  4- 6 |  7- 9 | 10-12 || total
-------------------------+-------+-------+-------+-------++-------
Melee: Flail             |   142 |    63 |   383 |   186 ||   774
       Whip              |       |       |   164 |       ||   164
Throw: Javelin           |       |       |     6 |     1 ||     7
       Throwing net      |       |       |     2 |       ||     2
 Abil: Heal Wounds       |       |     1 |     8 |     2 ||    11
Evoke: Wand              |       |       |     1 |       ||     1
  Use: Scroll            |       |     1 |       |     9 ||    10
       Potion            |       |     1 |       |       ||     1
  Eat: Chunk             |       |       |    18 |     6 ||    24
Armor: Scale mail        |    50 |       |       |       ||    50
       Plate armour      |    22 |    42 |   201 |    54 ||   319
Dodge: Dodged            |    33 |    10 |    61 |    27 ||   131
Block: Shield            |    74 |    20 |   225 |    93 ||   412
